 Dungeon Crawl Stone Soup version bcrawl-1.12.1 (webtiles) character file.

Game seed: 8406561891939825430

667 McKennaii the Magician (level 7, -1/53 HPs)
             Began as an Oni Wizard on July 11, 2019.
             Slain by Grinder (3 damage)
             ... while paralysed by Grinder
             ... on level 5 of the Dungeon.
             The game lasted 00:14:28 (5381 turns).

McKennaii the Magician (Oni Wizard)                 Turns: 5381, Time: 00:14:28

Health: -1/53      AC:  3    Str: 11    XL:     7   Next: 57%
Magic:  17/25      EV:  2    Int: 21    God:
Gold:   447        SH:  0    Dex:  6    Spells: 12/15 levels left

rFire    . . .     SeeInvis .   (no weapon)
rCold    . . .     Gourm    .   (no shield)
rNeg     . . .     Faith    .   b - +0 animal skin
rPois    .         Spirit   .   c - +1 hat
rElec    .         Reflect  .   (no cloak)
rCorr    .         Harm     .   (no gloves)
MR       .....                  (no boots)
Stlth    ++........             (no amulet)
HPRegen  0.17/turn              i - ring of magical power
MPRegen  0.19/turn              k - -3 ring of dexterity (curse)

@: paralysed
A: oni magic, claws 1, fangs 1, horns 1
a: no special abilities


You were on level 5 of the Dungeon.
You were not hungry.

You visited 1 branch of the dungeon, and saw 5 of its levels.

You collected 447 gold pieces.

Inventory:

Hand Weapons
 a - a +0 staff
Armour
 b - a +0 animal skin (worn)
 c - a +1 hat (worn)
Jewellery
 i - a ring of magical power (left claw)
 k - a cursed -3 ring of dexterity (right claw)
Scrolls
 h - a scroll of identify
 j - 2 scrolls of remove curse {unknown}
 m - a scroll of magic mapping
Potions
 d - a potion of flight {unknown}
 e - 2 potions of lignification
 l - a potion of haste {unknown}
 n - 2 potions of agility {unknown}
Comestibles
 f - 10 rations {!d}


   Skills:
 + Level 1.7 Fighting
 + Level 1.0 Staves
 + Level 2.9 Dodging
 + Level 3.3 Stealth
 + Level 0.3 Unarmed Combat
 + Level 4.9 Spellcasting


You had 12 spell levels left.
You knew the following spells:

 Your Spells              Type           Power        Failure   Level  Hunger
a - Magic Dart            Conj           ####         1%          1    None
b - Call Imp              Summ           ####....     1%          2    None

Your spell library contained the following spells:

 Spells                   Type           Power        Failure   Level  Hunger
 Pain                     Necr           ####         1%          1    None
 Slow                     Hex            ####....     1%          1    None
 Blink                    Tloc           N/A          1%          2    None
 Searing Ray              Conj           ####..       1%          2    None
 Ensorcelled Hibernation  Hex/Ice        ####..       2%          2    None
 Conjure Flame            Conj/Fire      ####....     4%          3    ##.....
 Mephitic Cloud           Conj/Pois/Air  ###.....     4%          3    ##.....


Dungeon Overview and Level Annotations

Branches:
Dungeon (5/12)
 Temple: D:4-7

Altars:
Elyvilon
Gozag
Kikubaaqudgha
Makhleb
Okawaru
Qazlal
Sif Muna
Wu Jian
Xom
Yredelemnul

Annotations:
D:5 Grinder


Innate Abilities, Weirdness & Mutations

You learn spells by gaining experience, not through books or religion.
You only train spellcasting to practice magic.
You have sharp fingernails.
You have very sharp teeth.
You have a pair of small horns on your head.


Message History

Grinder hits you.
* * * LOW HITPOINT WARNING * * *
You writhe in agony.
* * * LOW HITPOINT WARNING * * *
Items here: ! $ ( ))))) / ? [[[[[ †††††† Grinder blinks!
You swap places.
Grinder barely misses you.
You barely miss Grinder.
Your crimson imp barely misses Grinder.
Grinder gestures at you.
You suddenly lose the ability to move!
Your crimson imp barely misses Grinder.
Grinder hits you.
* * * LOW HITPOINT WARNING * * *
You writhe in agony.
* * * LOW HITPOINT WARNING * * *
Your crimson imp closely misses Grinder.
Grinder hits you but does no damage.
Your crimson imp barely misses Grinder.
Grinder hits you.
* * * LOW HITPOINT WARNING * * *
You writhe in agony.
You die...

### .....#######
#
.....).))))#####
###.######)#8_8#
#5#...# #@#...#
#5##.## #5#...#
#.#...# #.#...#
#.#...# #.#...##
#......#####
#[..........


You could see Grinder, a friendly iron imp and a friendly crimson imp.

Vanquished Creatures
  A scorpion (D:5)
  3 crimson imps
  A hound (D:4)
  2 jellies
  A worker ant (D:4)
  6 adders
  3 gnolls
  A shadow imp (D:5)
  An ooze (D:3)
  2 adder skeletons
  A worm (D:2)
  A leopard gecko (D:2)
  6 orcs
  5 bats
  4 giant cockroaches
  2 goblins (D:1)
  8 hobgoblins
  7 jackals
  A quokka (D:3)
  2 frilled lizards (D:1)
  7 kobolds
  A quokka skeleton (D:5)
  8 rats
74 creatures vanquished.

Vanquished Creatures (collateral kills)
  A hippogriff (D:5)
  Duvessa (D:5)
  Dowan (D:5)
  An adder (D:5)
  8 orcs (D:5)
  A frilled lizard (D:5)
13 creatures vanquished.

Vanquished Creatures (others)
  An orc (D:5)
1 creature vanquished.

Grand Total: 88 creatures vanquished

Notes
Turn   | Place    | Note
-------+----------+-------------------------------------------
     0 | D:1      | McKennaii the Oni Wizard began the quest for the Orb.
     0 | D:1      | Reached XP level 1. HP: 14/14 MP: 5/5
   209 | D:1      | Reached XP level 2. HP: 20/20 MP: 3/7
   220 | D:1      | Learned a level 2 spell: Call Imp
   988 | D:2      | Reached XP level 3. HP: 21/26 MP: 4/9
  1200 | D:2      | Noticed an earth elemental
  1203 | D:2      | Found a stormy altar of Qazlal.
  1204 | D:2      | Noticed a fire elemental
  1205 | D:2      | Noticed a water elemental
  1205 | D:2      | Noticed an air elemental
  1989 | D:3      | Reached skill level 3 in Spellcasting
  1996 | D:2      | Reached XP level 4. HP: 10/33 MP: 9/10
  2268 | D:2      | Reached skill level 1 in Staves
  2697 | D:3      | Found an ancient bone altar of Kikubaaqudgha.
  2844 | D:3      | Found a shimmering altar of Xom.
  2844 | D:3      | Found a burning altar of Makhleb.
  2855 | D:3      | Reached XP level 5. HP: 39/39 MP: 10/12
  3048 | D:3      | Found a deep blue altar of Sif Muna.
  3493 | D:4      | Reached XP level 6. HP: 33/46 MP: 13/13
  3660 | D:4      | Found an iron altar of Okawaru.
  3801 | D:4      | Found a basalt altar of Yredelemnul.
  4080 | D:4      | Reached skill level 4 in Spellcasting
  4128 | D:4      | Found a white marble altar of Elyvilon.
  4218 | D:5      | Entered Level 5 of the Dungeon
  4252 | D:5      | Reached skill level 1 in Fighting
  4275 | D:5      | Reached XP level 7. HP: 33/52 MP: 7/15
  4489 | D:5      | Noticed a hippogriff
  4513 | D:5      | Killed a hippogriff
  4556 | D:5      | Noticed a wyvern
  4845 | D:5      | Found an ornate altar of the Wu Jian Council.
  4910 | D:5      | Found an opulent altar of Gozag.
  5211 | D:5      | Noticed Grinder
  5222 | D:5      | Noticed Dowan
  5252 | D:5      | Killed Dowan
  5288 | D:5      | Noticed Duvessa
  5351 | D:5      | Killed Duvessa
  5378 | D:5      | Paralysed by Grinder for 4 turns
  5381 | D:5      | HP: 2/53 [Grinder (2)]
  5381 | D:5      | Slain by Grinder

Skill      XL: |  1  2  3  4  5  6 |
---------------+-------------------+-----
Stealth        | 2 3 |  3.3
Dodging        | 2 |  2.9
Spellcasting   | 3 4 |  4.9
Staves         | 1 |  1.0
Fighting       | 1 |  1.7
Unarmed Combat | |  0.3

Action                   |  1- 3 |  4- 6 |  7- 9 || total
-------------------------+-------+-------+-------++-------
Melee: Staff             |    12 |       |       ||    12
       Unarmed           |       |     1 |    20 ||    21
       Bite              |       |       |     2 ||     2
 Cast: Magic Dart        |   101 |   145 |    14 ||   260
       Call Imp          |       |       |    32 ||    32
  Use: Scroll            |       |     6 |     2 ||     8
  Eat: Chunk             |     2 |     5 |     1 ||     8
       Ration            |       |     1 |     1 ||     2
Armor: Animal skin       |    15 |    10 |     8 ||    33
       Skin              |       |     1 |       ||     1
Dodge: Dodged            |    43 |    35 |    33 ||   111
